 Dungeon Crawl Stone Soup version 0.26-a0-812-g31a745ddcd (webtiles) character file.

Game seed: 13139530254251771305

259 BattleRest the Shield-Bearer (level 5, -3/47 HPs)
             Began as a Minotaur Fighter on Nov 30, 2020.
             Was a Follower of Dithmenos.
             Slain by Grinder (6 damage)
             ... on level 3 of the Dungeon.
             The game lasted 00:07:35 (3379 turns).

BattleRest the Shield-Bearer (Minotaur Fighter)     Turns: 3379, Time: 00:07:36

Health: -3/47      AC: 11    Str: 22    XL:     5   Next: 94%
Magic:  4/4        EV:  7    Int:  5    God:    Dithmenos [*.....]
Gold:   152        SH: 10    Dex:  9    Spells: 4/4 levels left

rFire    x . .     SeeInvis .   a - +1 flail
rCold    + . .     Faith    .   c - +0 kite shield
rNeg     . . .     Spirit   .   b - +0 scale mail
rPois    .         Reflect  .   (helmet restricted)
rElec    .         Harm     .   (no cloak)
rCorr    .         Rampage  .   (no gloves)
MR       .....                  (no boots)
Stlth    ..........             (no amulet)
HPRegen  0.15/turn              g - +4 ring of protection
MPRegen  0.09/turn              l - ring of ice

@: wreathed by umbra
A: retaliatory headbutt, horns 2
a: Renounce Religion


You were on level 3 of the Dungeon.
You worshipped Dithmenos.
Dithmenos was aware of your devotion.
You visited 1 branch of the dungeon, and saw 3 of its levels.

You collected 152 gold pieces.

Inventory:

Hand Weapons
 a - a +1 flail (weapon)
Armour
 b - a +0 scale mail (worn)
 c - a +0 kite shield (worn)
Jewellery
 g - a +4 ring of protection (left hand)
 l - a ring of ice (right hand)
 n - a +6 ring of strength {unknown}
Scrolls
 f - 2 scrolls of enchant weapon
 h - a scroll of teleportation
 i - a scroll of identify
 j - 2 scrolls of remove curse
Potions
 d - a potion of might
 e - 2 potions of haste
 k - 3 potions of heal wounds
 m - a potion of curing {unknown}
 o - a potion of degeneration {unknown}


   Skills:
 + Level 4.9 Fighting
 + Level 4.1 Maces & Flails
 + Level 5.1 Armour
 - Level 0.1 Dodging
 + Level 5.3 Shields


You had 4 spell levels left.
You didn't know any spells.
Your spell library was empty.

Dungeon Overview and Level Annotations

Branches:
Dungeon (3/15)

Altars:
Dithmenos
Qazlal
Ru
Xom
Yredelemnul
Zin

Annotations:
D:3 Grinder


Innate Abilities, Weirdness & Mutations

You reflexively headbutt those who attack you in melee.
You have a pair of horns on your head.


Message History

Grinder gestures at you. Pain shoots through your body!
* * * LOW HITPOINT WARNING * * *
Grinder barely misses you. Grinder hits you but does no damage.
Grinder hits you.
* * * LOW HITPOINT WARNING * * *
You writhe in agony.
* * * LOW HITPOINT WARNING * * *
You can move again.
Unknown command.
You barely miss Grinder.
Grinder is severely wounded.
Grinder closely misses you.
You closely miss Grinder. Your headbutt misses Grinder.
Grinder is severely wounded.
You block Grinder's attack. Grinder hits you.
* * * LOW HITPOINT WARNING * * *
You writhe in agony.
You die...

####.# #.# ####.#
###+####### ...#.#
##.........# ...#.#
#..###.....# ...#.#
##..#⌠#.....# ...#.#
....###.....
...#.######......†#.###
.>>'...<#...#...@5....#
...#...###.###.(#.#.#.#
...#####☼...☼#..#.#
...# ###.....#..#.#
...# #.(.(_.)...#.#
...###.#.....#.##.#
##.....#§...○#....#
#.....###.########
#...........


You could see Grinder.

Vanquished Creatures
  An orc priest (D:3)
  2 orc wizards (D:3)
  Ijyb (D:3)
  4 gnolls
  2 adders (D:2)
  3 oozes
  A worm (D:2)
  2 dart slugs (D:2)
  13 orcs (D:3)
  5 bats
  2 giant cockroaches
  4 goblins
  7 hobgoblins
  A quokka (D:2)
  2 ball pythons
  A frilled lizard (D:2)
  10 kobolds
  6 rats
67 creatures vanquished.

Notes
Turn   | Place    | Note
-------+----------+-------------------------------------------
     0 | D:1      | BattleRest the Minotaur Fighter began the quest for the
                  | Orb.
     0 | D:1      | Reached XP level 1. HP: 19/19 MP: 0/0
   128 | D:1      | Reached XP level 2. HP: 27/27 MP: 1/1
   821 | D:2      | Reached XP level 3. HP: 22/33 MP: 2/2
  1133 | D:2      | Found a glowing silver altar of Zin.
  1134 | D:2      | Found a basalt altar of Yredelemnul.
  1146 | D:2      | HP: 1/33 [gnoll/+2 halberd of protection (3)]
  1441 | D:2      | HP: 1/33 [gnoll/+2 halberd of protection (6)]
  1738 | D:1      | Reached XP level 4. HP: 24/40 MP: 3/3
  2094 | D:2      | Found a shadowy altar of Dithmenos.
  2094 | D:2      | Found a faded altar of an unknown god.
  2099 | D:2      | Found a faded altar of an unknown god.
  2101 | D:2      | Found a shimmering altar of Xom.
  2103 | D:2      | Found a sacrificial altar of Ru.
  2119 | D:2      | Became a worshipper of Dithmenos the Shadowed
  2807 | D:3      | Reached XP level 5. HP: 41/47 MP: 4/4
  2853 | D:3      | Noticed Ijyb
  2856 | D:3      | Paralysed by Ijyb for 7 turns
  2863 | D:3      | Killed Ijyb
  2863 | D:3      | Reached skill level 5 in Shields
  3103 | D:3      | Reached skill level 5 in Armour
  3105 | D:3      | Reached * piety under Dithmenos
  3348 | D:3      | Found a stormy altar of Qazlal.
  3354 | D:3      | Noticed Grinder
  3373 | D:3      | Paralysed by Grinder for 5 turns
  3379 | D:3      | Slain by Grinder

Illustrated notes

Levels and vault maps discovered:
D:1:      lemuel_arrival_lava_pool, layout_basic
D:2:      layout_loops_ring, chequers_temple_overflow_statue_of_worship,
          chequers_temple_overflow_minitemple, kennysheep_potato
D:3:      layout_basic, grunt_qazlal_clouds, serial_glass, glass_columns_c,
          glass_columns_c, due_unseen_surprise, feat_on_display,
          feat_on_display, gammafunk_ghost_nasty_kobolds, elyvilon_altar_1,
          uniq_ijyb, uniq_grinder

Skill      XL: |  1  2  3  4  5 |
---------------+----------------+-----
Shields        | 4 5 |  5.3
Armour         | 4 5 |  5.1
Fighting       | 4 |  4.9
Maces & Flails | 3 4 |  4.1
Dodging        | |  0.1

Action                   |  1- 3 |  4- 6 || total
-------------------------+-------+-------++-------
Melee: Flail             |    75 |   116 ||   191
       Headbutt          |    10 |    26 ||    36
  Use: Scroll            |       |     6 ||     6
Armor: Scale mail        |    53 |    87 ||   140
Dodge: Dodged            |    36 |    33 ||    69
Block: Kite shield       |    65 |    79 ||   144

Table legend: (Time is in decaauts)
 A = Elapsed time spent in this place.
 B = Non-inter-level travel time spent in this place.
 C = Inter-level travel time spent in this place.
 D = Time resting spent in this place.
 E = Time spent auto-exploring this place.
 F = Levels seen in this place.
 G = Mean time per level.
                   A        B        C        D        E       F      G
               +--------+--------+--------+--------+--------+-----+--------+
         Total |   3446 |   3397 |     49 |   1145 |   1610 |   3 | 1148.7 |
       Dungeon |   3446 |   3397 |     49 |   1145 |   1610 |   3 | 1148.7 |
               +--------+--------+--------+--------+--------+-----+--------+

Top non-repeatable levels by time:
     D:2: 1538 daAuts
     D:1: 1279 daAuts
     D:3: 628 daAuts
